 Dungeon Crawl Stone Soup version 0.29-a0-43-g62a80824bf (webtiles) character file.

Game seed: 18145259140945907354

4765 robertstho the Grappler (level 10, -5/96 HPs)
             Began as a Troll Delver on Feb 2, 2022.
             Was a Priest of Okawaru.
             Slain by an eight-headed hydra (7 damage)
             ... on level 8 of the Dungeon.
             The game lasted 00:12:51 (5639 turns).

robertstho the Grappler (Troll Delver)              Turns: 5639, Time: 00:12:53

Health: -5/96      AC:  5    Str: 26    XL:     10   Next: 23%
Magic:  9/11       EV: 13    Int:  6    God:    Okawaru [***...]
Gold:   506        SH:  0    Dex: 11    Spells: 9/9 levels left

rFire   . . .      SeeInvis +     - Unarmed
rCold   . . .      Faith    .   (no shield)
rNeg    . . .      Spirit   .   a - +0 robe
rPois   .          Reflect  .   (helmet restricted)
rElec   .          Harm     .   x - +0 cloak
rCorr   .          Rampage  .   (gloves unavailable)
Will    .....                   (boots unavailable)
Stlth   ++++......              e - amulet of regeneration
HPRegen 1.86/turn               k - ring of see invisible
MPRegen 0.12/turn               (no ring)

@: heroic
A: large, unfitting armour, claws 3, regeneration 1, shaggy fur 1, tough skin 1
a: Renounce Religion, Heroism


You were on level 8 of the Dungeon.
You worshipped Okawaru.
Okawaru was most pleased with you.
You visited 2 branches of the dungeon, and saw 9 of its levels.

You collected 506 gold pieces.

Inventory:

Missiles
 n - 5 throwing nets (quivered)
 w - 4 large rocks
Armour
 a - a +0 robe (worn)
 x - a +0 cloak (worn)
Jewellery
 e - an amulet of regeneration (around neck)
 i - an amulet of the acrobat
 k - a ring of see invisible (left claw)
 s - a ring of protection from fire
Wands
 f - a wand of digging (16)
 g - a wand of acid (7)
 p - a wand of flame (11)
 t - a wand of paralysis (4)
Scrolls
 b - a scroll of fog
 d - 6 scrolls of teleportation
 h - a scroll of holy word
 o - a scroll of magic mapping
 u - a scroll of identify
 v - 3 scrolls of amnesia {unknown}
Potions
 c - a potion of haste
 j - 2 potions of flight
 l - a potion of attraction {unknown}
 m - 2 potions of mutation {unknown}
 q - 2 potions of lignification {unknown}
 r - a potion of heal wounds {unknown}


   Skills:
 * Level 5.2(10.2) Fighting
 + Level 0.9(5.9) Throwing
 + Level 4.2(9.2) Dodging
 + Level 4.2(9.2) Stealth
 * Level 11.6(16.6) Unarmed Combat
 * Level 3.1 Invocations
 + Level 0.1 Evocations


You had 9 spell levels left.
You didn't know any spells.
Your spell library contained the following spells:

 Spells                   Type           Power      Damage    Failure   Level
 Magic Dart               Conj           0%         1d3       45%         1
 Searing Ray              Conj           0%         2d4       58%         2
 Sublimation of Blood     Necr           0%         N/A       58%         2
 Wereblood                Tmut           0%         N/A       58%         2
 Conjure Flame            Conj/Fire      0%         6-21      83%         3
 Gell's Gravitas          Tloc           0%         N/A       83%         3
 Ignite Poison            Fire/Tmut/Pois 0%         N/A       83%         3
 Inner Flame              Hex/Fire       0%         N/A       83%         3
 Lesser Beckoning         Tloc           0%         N/A       83%         3
 Ozocubu's Armour         Ice            0%         N/A       83%         3
 Teleport Other           Tloc           0%         N/A       83%         3
 Cause Fear               Hex            0%         N/A       99%         4
 Fulminant Prism          Conj/Hex       0%         3d6       99%         4
 Sticky Flame             Conj/Fire      0%         2d3       99%         4
 Ozocubu's Refrigeration  Ice            0%         4d5       100%        7
 Discord                  Hex            0%         N/A       100%        8
 Summon Hydra             Summ           Unusable   N/A       N/A         7

Dungeon Overview and Level Annotations

Branches:
Dungeon (8/15)             Temple (1/1) D:6
   Lair: D:8-11

Altars:
Ashenzari
Cheibriados
Dithmenos
Elyvilon
Gozag
Hepliaklqana
Kikubaaqudgha
Makhleb
Nemelex Xobeh
Okawaru
Qazlal
Ru
Sif Muna
Trog
Vehumet
Wu Jian
Xom
Yredelemnul
Zin

Shops:
D:5 (

Annotations:
D:4 3 runed translucent doors, lonewolfV2's ghost, amateur DDFi
D:5 2 transporters, southernslant's ghost, novice VSFi


Innate Abilities, Weirdness & Mutations

You are too large for most types of armour.
You have claws for hands.
Your natural rate of healing is unusually fast.
You are covered in fur. (AC +1)
You have tough skin. (AC +1)


Message History

The centaur shoots an arrow.
The arrow hits you.
The centaur unwields a +0 shortbow.
The centaur hits you.
The centaur kicks you but does no damage.
The centaur zaps a wand.
You struggle to resist.
You mangle the centaur!!
The centaur is almost dead.
The centaur zaps a wand.
Your mind is blasted!
A six-headed hydra comes into view.
The six-headed hydra roars!
You mangle the centaur!!
You kill the centaur!
Okawaru accepts your kill.
You gain the combat prowess of a mighty hero.
The six-headed hydra bites you. x2; The six-headed hydra barely misses you.
The six-headed hydra bites you! x2
The six-headed hydra bites you but does no damage.
You rip one of the six-headed hydra's heads off!
The five-headed hydra grows two more!
You scratch the seven-headed hydra. You claw the seven-headed hydra!!
The seven-headed hydra is moderately wounded.
The seven-headed hydra bites you. The seven-headed hydra misses you.
The seven-headed hydra bites you but does no damage.
The seven-headed hydra closely misses you.
The seven-headed hydra bites you but does no damage.
The seven-headed hydra barely misses you.
The seven-headed hydra bites you!
You claw one of the seven-headed hydra's heads off!
The six-headed hydra grows two more!
You mangle the eight-headed hydra!!
The eight-headed hydra is heavily wounded.
The eight-headed hydra closely misses you.
The eight-headed hydra bites you but does no damage.
The eight-headed hydra bites you!
* * * LOW HITPOINT WARNING * * *
The eight-headed hydra bites you!
* * * LOW HITPOINT WARNING * * *
The eight-headed hydra bites you!
* * * LOW HITPOINT WARNING * * *
The eight-headed hydra closely misses you.
The eight-headed hydra bites you!
You die...

....#(...#...#.........
#..+........##########
#..#.....#.##
#....#.....#
#...)##.#..#
##..........######
#'.....#.#.......#
..#..#..#....####.# #.
#.@#....####.# #
#.D##...).(..#
#.....#)######
#..####.# ....# #.#
#..##.####.######## #.
.#................. ##.
# # .#........#......##
.'.. .#.
..+........#......<#


You could see an eight-headed hydra.

Vanquished Creatures
  Harold (D:7)
  Maurice (D:8)
  A yak (D:8)
  Edmund (D:4)
  3 water moccasins
  3 orc warriors
  3 ice beasts (D:6)
  2 black bears
  2 ogres
  5 necrophages
  3 centaurs
  A kobold brigand (D:8)
  A gnoll sergeant (D:6)
  A scorpion (D:5)
  A wyvern zombie (D:7)
  2 bullfrogs
  A water moccasin skeleton (D:7)
  5 wights (D:7)
  2 vampire bats (D:5)
  A bullfrog zombie (D:7)
  A centaur zombie (D:5)
  3 orc priests
  2 jellies
  2 hounds (D:5)
  Natasha (thrice) (D:2)
  4 iguanas
  6 orc wizards
  A hound zombie (D:5)
  A howler monkey skeleton (D:6)
  14 gnolls
  3 adders
  A white imp (D:7)
  A worm (D:3)
  3 dart slugs
  27 orcs
  4 bat skeletons (D:5)
  2 bat zombies (D:5)
  7 endoplasms
  5 giant cockroaches
  8 goblins
  7 hobgoblins
  3 jackals
  3 quokkas
  8 ball pythons
  2 bats
  4 frilled lizards
  6 kobolds
  9 rats
180 creatures vanquished.

Vanquished Creatures (collateral kills)
  A gnoll (D:3)
  2 jackals (D:3)
3 creatures vanquished.

Grand Total: 183 creatures vanquished

Notes
Turn   | Place    | Note
-------+----------+-------------------------------------------
     0 | D:5      | robertstho the Troll Delver began the quest for the Orb.
     0 | D:5      | Reached XP level 1. HP: 22/22 MP: 0/0
    47 | D:4      | You fall into a shaft and drop 3 floors!
    47 | D:7      | Noticed a hound
    47 | D:7      | Noticed a necrophage
    65 | D:7      | Noticed a black bear
    68 | D:7      | Noticed a water moccasin
    82 | D:7      | Found the +7 Kryia's mail coat {PotionHeal*2 rC+}
    88 | D:6      | Noticed a gnoll sergeant
    88 | D:6      | Noticed a hound
   123 | D:5      | Found a transporter.
   133 | D:5      | Noticed an orc priest
   136 | D:5      | Noticed a necrophage
   141 | D:5      | Killed an orc priest
   142 | D:5      | Reached XP level 2. HP: 7/29 MP: 1/1
   142 | D:5      | Reached XP level 3. HP: 9/36 MP: 2/2
   154 | D:5      | Found a transporter.
   188 | D:4      | Noticed Edmund
   433 | D:2      | Found a faded altar of an unknown god.
   473 | D:2      | Reached XP level 4. HP: 45/45 MP: 3/3
   976 | D:2      | Reached skill level 3 in Unarmed Combat
  1124 | D:3      | Reached XP level 5. HP: 53/53 MP: 4/4
  1222 | D:2      | Noticed Natasha
  1227 | D:2      | Killed Natasha
  1247 | D:2      | Noticed Natasha
  1258 | D:2      | Killed Natasha
  1362 | D:2      | Noticed Natasha
  1367 | D:2      | Killed Natasha
  1368 | D:2      | Reached skill level 4 in Unarmed Combat
  1663 | D:3      | Found a broken altar of Ashenzari.
  1668 | D:3      | Reached XP level 6. HP: 61/61 MP: 5/5
  2435 | D:3      | Reached skill level 5 in Unarmed Combat
  2528 | D:4      | Found a runed translucent gate.
  2529 | D:4      | Found a runed translucent gate.
  2531 | D:4      | Found a runed translucent gate.
  2666 | D:4      | Killed Edmund
  2667 | D:4      | Reached XP level 7. HP: 45/67 MP: 6/6
  2733 | D:4      | Noticed lonewolfV2's ghost (amateur DDFi)
  2843 | D:4      | Found a sacrificial altar of Ru.
  2847 | D:4      | Found a shadowy altar of Dithmenos.
  2847 | D:4      | Found an opulent altar of Gozag.
  2850 | D:4      | Found a glowing silver altar of Zin.
  2851 | D:4      | Found a burning altar of Makhleb.
  2929 | D:5      | Found an ornate altar of the Wu Jian Council.
  2939 | D:5      | Noticed southernslant's ghost (novice VSFi)
  2940 | D:5      | Reached skill level 6 in Unarmed Combat
  3183 | D:5      | Reached skill level 7 in Unarmed Combat
  3202 | D:5      | Reached XP level 8. HP: 62/78 MP: 7/7
  3352 | D:5      | Found a white marble altar of Elyvilon.
  3391 | D:5      | Found an ancient bone altar of Kikubaaqudgha.
  3508 | D:5      | Found a basalt altar of Yredelemnul.
  3646 | D:6      | Reached skill level 8 in Unarmed Combat
  3803 | D:6      | Found a staircase to the Ecumenical Temple.
  3893 | Temple   | Entered the Ecumenical Temple
  4012 | Temple   | Became a worshipper of Warmaster Okawaru
  4175 | D:6      | Reached skill level 9 in Unarmed Combat
  4175 | D:6      | Reached skill level 1 in Invocations
  4264 | D:6      | Reached * piety under Okawaru
  4646 | D:6      | Reached XP level 9. HP: 85/85 MP: 7/9
  4875 | D:7      | Noticed Harold
  4888 | D:7      | Killed Harold
  4888 | D:7      | Reached ** piety under Okawaru
  4889 | D:7      | Reached skill level 10 in Unarmed Combat
  5103 | D:7      | Reached skill level 5 in Fighting
  5270 | D:7      | Reached skill level 11 in Unarmed Combat
  5276 | D:7      | Reached *** piety under Okawaru
  5442 | D:8      | Reached XP level 10. HP: 83/91 MP: 11/11
  5514 | D:8      | Noticed Maurice
  5541 | D:8      | Killed Maurice
  5632 | D:8      | Noticed a six-headed hydra
  5639 | D:8      | HP: 2/96 [eight-headed hydra (9)]
  5639 | D:8      | Slain by an eight-headed hydra

Illustrated notes

Levels and vault maps discovered:
D:1:      dpeg_arrival_leaves_temple_mockup, layout_basic
D:2:      layout_rooms, ebering_ecumenical_altar_abandoned, hex_large,
          uniq_natasha
D:3:      layout_basic, cheibrodos_ashenzari_chains, hangedman_decor_push
D:4:      layout_cave_pools, minitemple, gammafunk_ghost_icy, sigmund_army,
          uniq_edmund
D:5:      layout_cave_pools, elyvilon_altar_1, nicolae_wu_jian_wuxing_cycle,
          lemuel_zombie_altar_yredelemnul, kennysheep_vampire_church,
          gammafunk_ghost_stat_death, serial_shops, nicolae_stop_n_shop_2
D:6:      layout_loops_corners, minmay_temple_entry_enclosed_plants
D:7:      layout_rooms, nicolae_overflow_hidden_temple, uniq_harold
D:8:      layout_basic, minmay_misc_feat_ornament, minmay_the_grid_2x2
          [minmay_the_grid_embedded, minmay_the_grid_plusring,
          minmay_the_grid_minigrid_medium, minmay_the_grid_prize_inner_circle],
          uniq_maurice
Temple:   nicolae_temple_figure_zero

Skill      XL: |  1  2  3  4  5  6  7  8  9 10 |
---------------+-------------------------------+-----
Stealth        | 3 4 |  4.2
Fighting       | 3 4 5 |  5.2
Unarmed Combat | 3 4 5 7 9 11 | 11.6
Dodging        | 2 3 4 |  4.2
Invocations    | 1 2 3 |  3.1
Throwing       | |  0.9
Evocations     | |  0.1

Action                   |  1- 3 |  4- 6 |  7- 9 | 10-12 || total
-------------------------+-------+-------+-------+-------++-------
Melee: Unarmed           |    28 |   165 |   281 |    39 ||   513
       Punch             |       |     4 |    10 |     7 ||    21
Throw: Large rock        |       |       |       |     4 ||     4
       Throwing net      |       |       |       |     3 ||     3
Invok: Heroism           |       |       |       |     1 ||     1
Evoke: Wand              |     1 |       |     1 |     1 ||     3
  Use: Scroll            |     5 |     4 |     3 |       ||    12
       Potion            |     1 |       |     3 |       ||     4
 Stab: Sleeping          |     1 |     9 |     2 |       ||    12
       Distracted        |       |     1 |       |       ||     1
       Paralysed         |       |       |     5 |     1 ||     6
Armor: Robe              |     8 |    18 |    55 |     8 ||    89
Dodge: Dodged            |    35 |    85 |   111 |    26 ||   257

Table legend: (Time is in decaauts)
 A = Elapsed time spent in this place.
 B = Non-inter-level travel time spent in this place.
 C = Inter-level travel time spent in this place.
 D = Time resting spent in this place.
 E = Time spent auto-exploring this place.
 F = Levels seen in this place.
 G = Mean time per level.
                   A        B        C        D        E       F      G
               +--------+--------+--------+--------+--------+-----+--------+
         Total |   5544 |   5252 |    292 |    224 |   3590 |   9 |  616.0 |
       Dungeon |   5411 |   5132 |    279 |    224 |   3480 |   8 |  676.4 |
        Temple |    132 |    119 |     13 |      0 |    110 |   1 |  132.0 |
               +--------+--------+--------+--------+--------+-----+--------+

Top non-repeatable levels by time:
     D:6: 1108 daAuts
     D:3: 1090 daAuts
     D:5: 676 daAuts
     D:2: 662 daAuts
     D:4: 610 daAuts
     D:7: 560 daAuts
     D:1: 485 daAuts
     D:8: 217 daAuts
  Temple: 132 daAuts
